[Event "2025 Mary Thomson Cup (Division A)"]
[Site "Woodvale, Perth WA AUS"]
[Date "2025.02.26"]
[Round "5"]
[White "Rafiei Darani, Daryoush"]
[Black "Elkington, Derek"]
[Result "1-0"]
[ECO "B22"]
[WhiteElo "1897"]
[BlackElo "1874"]
[PlyCount "39"]
[EventDate "2025.01.22"]
[EventType "swiss"]
[EventRounds "5"]
[EventCountry "AUS"]
[TimeControl "3600+30"]

1. e4 c5 2. c3 Nf6 3. e5 Nd5 4. Nf3 Nc6 5. d4 cxd4 6. cxd4 d6 7. Bc4 Nb6 8.
Bxf7+ Kxf7 9. e6+ Kg8 10. d5 Nb4 11. Nc3 Qc7 12. Ng5 N6xd5 13. Nxd5 Nc2+ 14.
Kf1 Qc4+ 15. Kg1 Nxa1 16. h4 Bxe6 17. Nxe6 Qe4 18. Ng5 Qf5 19. g4 Qd7 20. Nxe7+
1-0

[Event "2025 Mary Thomson Cup (Division A)"]
[Site "Woodvale, Perth WA AUS"]
[Date "2025.02.26"]
[Round "5"]
[White "O'Shaughnessy, Dave"]
[Black "Maggs, Derwent"]
[Result "0-1"]
[ECO "D05"]
[WhiteElo "1965"]
[BlackElo "2299"]
[PlyCount "110"]
[EventDate "2025.01.22"]
[EventType "swiss"]
[EventRounds "5"]
[EventCountry "AUS"]
[TimeControl "3600+30"]

1. Nf3 e6 2. d4 Nf6 3. e3 d5 4. Bd3 b6 5. O-O Bb7 6. b3 Nbd7 7. Bb2 Be7 8. Ne5
Nxe5 9. dxe5 Ne4 10. Bxe4 dxe4 11. Qg4 O-O 12. Rd1 Qe8 13. Nd2 Qc6 14. c4 f5
15. exf6 Bxf6 16. Bxf6 Rxf6 17. Nf1 Raf8 18. Rd2 Qc5 19. Qh4 Rh6 20. Qg4 Rg6
21. Qh4 Rh6 22. Qg4 Qe7 23. Rad1 Bc6 24. Qg3 Rh5 25. Qg4 Rg5 26. Qh3 h6 27. Ng3
Qf7 28. Qh4 Kh7 29. Qh3 a5 30. a4 Qf6 31. Qh4 Qf7 32. Qh3 Rg6 33. Qh5 Qf6 34.
Rc1 e5 35. Qd1 Qe7 36. Qc2 Qh4 37. Qd1 Rg4 38. h3 Rg6 39. Qh5 Qf6 40. Rcd1 Rg5
41. Qe2 Qe7 42. Qe1 h5 43. Nf1 Rf3 44. Kh1 Qe6 45. Nh2 Rf6 46. Qe2 Rfg6 47. g4
hxg4 48. Nxg4 Rxg4 49. hxg4 Rxg4 50. f3 Rh4+ 51. Kg1 exf3 52. Qd3+ e4 53. Qd8
Qg4+ 54. Kf1 Rh1+ 55. Kf2 Qg2# 0-1

[Event "2025 Mary Thomson Cup (Division A)"]
[Site "Woodvale, Perth WA AUS"]
[Date "2025.02.26"]
[Round "5"]
[White "Rahmani, Noor"]
[Black "Shaw, Robin"]
[Result "1-0"]
[ECO "A42"]
[WhiteElo "2156"]
[BlackElo "1705"]
[PlyCount "55"]
[EventDate "2025.01.22"]
[EventType "swiss"]
[EventRounds "5"]
[EventCountry "AUS"]
[TimeControl "3600+30"]

1. c4 g6 2. d4 Bg7 3. Nc3 d6 4. e4 e5 5. d5 f5 6. exf5 Bxf5 7. Bd3 Bxd3 8. Qxd3
Nf6 9. Bg5 Qd7 10. Nge2 Qf5 11. Qd2 h6 12. Be3 Na6 13. Ng3 Qd7 14. h3 O-O-O 15.
b4 c5 16. b5 Nc7 17. b6 axb6 18. Rb1 Na8 19. Rb5 Qc7 20. O-O Qe7 21. Na4 Nd7
22. Ne4 Kb8 23. Rfb1 Nc7 24. R5b3 b5 25. Qa5 b4 26. a3 b6 27. Nxb6 Kb7 28. axb4
1-0

[Event "2025 Mary Thomson Cup (Division A)"]
[Site "Woodvale, Perth WA AUS"]
[Date "2025.02.26"]
[Round "5"]
[White "Janceski, Alex"]
[Black "Clarke, Daniel"]
[Result "0-1"]
[ECO "E00"]
[WhiteElo "1850"]
[BlackElo "1920"]
[PlyCount "122"]
[EventDate "2025.01.22"]
[EventType "swiss"]
[EventRounds "5"]
[EventCountry "AUS"]
[TimeControl "3600+30"]

1. d4 d5 2. c4 e6 3. e3 Nf6 4. a3 Be7 5. Nf3 O-O 6. Nbd2 Nbd7 7. Be2 b6 8. O-O
Bb7 9. b4 c5 10. dxc5 bxc5 11. b5 a6 12. a4 axb5 13. cxb5 c4 14. Qc2 h6 15. Ba3
Bxa3 16. Rxa3 Qb6 17. Rfa1 Rfc8 18. Qc3 Qa5 19. Nd4 Nc5 20. Qc2 Nfe4 21. Nf1
Nd6 22. Ng3 Nce4 23. f3 Nxg3 24. hxg3 e5 25. Nf5 Nxf5 26. Qxf5 Qd2 27. Kf2 c3
28. Qd3 Qxd3 29. Bxd3 d4 30. e4 Ra5 31. Ke2 Kf8 32. Kd1 Ke7 33. Kc2 Kd6 34. Rb1
Kc5 {(=)} 35. Kb3 Re8 36. Rc1 Bc8 37. Kc2 Be6 38. Rb1 Rea8 39. Rba1 Kb4 40. f4
f6 41. b6 Kc5 42. b7 Rb8 43. Rb1 Kc6 44. Bb5+ Kc7 45. Raa1 Rxb7 46. fxe5 fxe5
47. Rf1 Kd6 48. Rab1 Kc5 49. Rf8 Rf7 50. Rxf7 Bxf7 51. Kd3 Ba2 52. Ra1 Bb3 53.
Bd7 Kb4 54. Rb1 Ka3 55. g4 Ka2 56. Rf1 Bxa4 57. Be6+ Kb2 58. Re1 Bb5+ 59. Bc4
Bxc4+ 60. Kxc4 c2 61. Re2 Kb1 0-1

[Event "2025 Mary Thomson Cup (Division A)"]
[Site "Woodvale, Perth WA AUS"]
[Date "2025.02.26"]
[Round "5"]
[White "Curthoys, Ned"]
[Black "Wolstencroft, Alan"]
[Result "1/2-1/2"]
[ECO "B22"]
[WhiteElo "1848"]
[BlackElo "1843"]
[PlyCount "46"]
[EventDate "2025.01.22"]
[EventType "swiss"]
[EventRounds "5"]
[EventCountry "AUS"]
[TimeControl "3600+30"]

1. e4 c5 2. c3 d6 3. d4 Nf6 4. Bb5+ Bd7 5. Bd3 cxd4 6. cxd4 Nc6 7. Nf3 e6 8. a3
a6 9. O-O Be7 10. Nc3 O-O 11. e5 dxe5 12. dxe5 Nd5 13. Ne4 f6 14. exf6 Nxf6 15.
Qe2 h6 16. Nxf6+ Bxf6 17. Qe4 Ne7 18. Bc4 Bc6 19. Qxe6+ Kh8 20. Ne5 Bd5 21.
Bxd5 Bxe5 22. Qxe5 Rf5 23. Qe4 Rxd5 1/2-1/2

[Event "2025 Mary Thomson Cup (Division B)"]
[Site "Woodvale, Perth WA AUS"]
[Date "2025.02.26"]
[Round "5"]
[White "Verma, Abhinav"]
[Black "Roebuck, Derek"]
[Result "1-0"]
[ECO "D13"]
[WhiteElo "1771"]
[BlackElo "1786"]
[PlyCount "141"]
[EventDate "2025.01.22"]
[EventType "tourn"]
[EventRounds "5"]
[EventCountry "AUS"]
[TimeControl "3600+30"]

1. d4 d5 2. c4 c6 3. cxd5 cxd5 4. Nc3 Nf6 5. Bf4 Nc6 6. e3 a6 7. Bd3 e6 8. Nf3
Bd6 9. Bg3 Qe7 10. Ne5 Bxe5 11. dxe5 Ne4 12. Bxe4 dxe4 13. Qg4 f5 14. exf6 gxf6
15. Qxe4 Qb4 16. O-O-O Qxe4 17. Nxe4 Ke7 18. Bd6+ Kf7 19. Bc7 e5 20. Rd6 Be6
21. Kb1 Rac8 22. Rxc6 bxc6 23. Nd6+ Kg6 24. Nxc8 Rxc8 25. Ba5 f5 26. f3 e4 27.
fxe4 fxe4 28. Rf1 Bd5 29. Bc3 Rc7 30. Rf6+ Kh5 31. Rf5+ Kg6 32. Rf6+ Kh5 33. b3
Rf7 34. Kb2 Rxf6 35. Bxf6 Kg6 36. Bd4 Kf7 37. Kc3 a5 38. Bb6 a4 39. bxa4 Ke6
40. a5 Kd7 41. Kd4 Kc8 42. a3 Kd7 43. Ke5 Kc8 44. Kf6 Bc4 45. Kg7 h5 46. Kg6
Be2 47. Kf5 Bd3 48. g4 hxg4 49. Kxg4 Kd7 50. Kf5 Ke7 51. h4 Kf7 52. a6 Bxa6 53.
Kxe4 Kf6 54. Kf4 Be2 55. Bd4+ Ke6 56. Kg5 Kd5 57. Bb6 c5 58. h5 Bd3 59. h6 Bh7
60. Kf6 Be4 61. Kg7 Bf5 62. h7 Bxh7 63. Kxh7 Kc6 64. Bd8 c4 65. a4 c3 66. Bf6
c2 67. Bb2 Kd5 68. a5 Kc5 69. e4 Kb5 70. e5 Kxa5 71. e6 1-0

[Event "2025 Mary Thomson Cup (Division B)"]
[Site "Woodvale, Perth WA AUS"]
[Date "2025.02.26"]
[Round "5"]
[White "Gough, Dylan"]
[Black "Oswald, Franz"]
[Result "1/2-1/2"]
[ECO "E52"]
[WhiteElo "1764"]
[BlackElo "1682"]
[PlyCount "144"]
[EventDate "2025.01.22"]
[EventType "tourn"]
[EventRounds "5"]
[EventCountry "AUS"]
[TimeControl "3600+30"]

1. d4 Nf6 2. c4 e6 3. Nc3 Bb4 4. Bd2 d5 5. cxd5 exd5 6. Nf3 O-O 7. e3 b6 8. Bd3
Bb7 9. O-O a6 10. Rc1 Bd6 11. Re1 Ne4 12. Qc2 Re8 13. a3 Nd7 14. h3 Nf8 15. Ne2
Rc8 16. Qa4 Ra8 17. Bb4 c5 18. dxc5 Nxc5 19. Bxc5 bxc5 20. Nc3 Qc7 21. Be2 Bc6
22. Qd1 Red8 23. b4 Qe7 24. bxc5 Bxc5 25. Nd4 Bxd4 26. Qxd4 Ne6 27. Qb6 Qc7 28.
Qxc7 Nxc7 29. Bf3 Rd6 30. Na2 a5 31. e4 dxe4 32. Bxe4 Bxe4 33. Rxc7 Bf5 34. Nc3
Be6 35. Nb5 Rd5 36. Rb7 Rad8 37. Nc3 Rd3 38. Rc7 g6 39. Re5 Ra8 40. Kf1 Rd7 41.
Rcc5 Rd3 42. Ke2 Rad8 43. Re3 Rxe3+ 44. Kxe3 Ra8 45. Nd5 Rb8 46. Rxa5 Rb3+ 47.
Ke4 Rb2 48. Kf3 Rb3+ 49. Ne3 h5 50. g4 hxg4+ 51. hxg4 Kg7 52. g5 Rc3 53. Kf4
Rb3 54. Ra7 Rb2 55. Kg3 Rb3 56. a4 Ra3 57. a5 Ra4 58. a6 Bc8 59. Nd5 Rxa6 60.
Rxa6 Bxa6 61. Kf4 Bb7 62. Nc7 Bc6 63. Ke5 Bf3 64. Ne8+ Kf8 65. Nf6 Bc6 66. f4
Ba4 67. Nd5 Bb3 68. Ne3 Ba2 69. Kf6 Bb3 70. f5 gxf5 71. Nxf5 Ba2 72. Nd4 Bc4
1/2-1/2

[Event "2025 Mary Thomson Cup (Division B)"]
[Site "Woodvale, Perth WA AUS"]
[Date "2025.02.26"]
[Round "5"]
[White "Leonhardt, Wolfgang"]
[Black "Bhatia, Abhay"]
[Result "0-1"]
[ECO "B32"]
[WhiteElo "1727"]
[BlackElo "1701"]
[PlyCount "90"]
[EventDate "2025.01.22"]
[EventType "tourn"]
[EventRounds "5"]
[EventCountry "AUS"]
[TimeControl "3600+30"]

1. e4 c5 2. Nf3 Nc6 3. d4 cxd4 4. Nxd4 Nxd4 5. Qxd4 d6 6. Bc4 e5 7. Qd3 Be7 8.
Qb3 Qc7 9. Bxf7+ Kf8 10. Nc3 Bf6 11. Bxg8 Rxg8 12. Nd5 Qc5 13. Be3 Qa5+ 14. Bd2
Qc5 15. O-O Be6 16. Bb4 Qc6 17. c4 Rc8 18. Rac1 Bg5 19. Rc2 Bxd5 20. exd5 Qd7
21. Qf3+ Bf6 22. Qe4 a5 23. Bd2 g5 24. b3 b6 25. Be3 Qd8 26. Qxh7 Rc7 27. Qe4
Rf7 28. a3 g4 29. b4 Rh8 30. c5 Rfh7 31. f4 Rxh2 32. Kf2 g3+ 33. Ke2 Rxg2+ 34.
Kd3 Rxc2 35. Kxc2 Rh2+ 36. Kd3 g2 37. Rg1 Qc8 38. c6 Qa6+ 39. Qc4 e4+ 40. Kxe4
Qxc4+ 41. Kf5 Be7 42. Ke6 Qa6 43. Kd7 Rh7 44. Rxg2 Bd8+ 45. Ke6 Qc8+ 0-1

[Event "2025 Mary Thomson Cup (Division C)"]
[Site "Woodvale, Perth WA AUS"]
[Date "2025.02.26"]
[Round "5"]
[White "Pass, Tony"]
[Black "Hapugala, Amila"]
[Result "1-0"]
[ECO "E60"]
[WhiteElo "1440"]
[BlackElo "1528"]
[PlyCount "97"]
[EventDate "2025.01.22"]
[EventType "tourn"]
[EventRounds "5"]
[EventCountry "AUS"]
[TimeControl "3600+30"]

1. d4 Nf6 2. Nf3 d6 3. e3 g6 4. c4 Bg7 5. b3 O-O 6. Bb2 Nbd7 7. Be2 a6 8. Nc3
c6 9. O-O b5 10. Qc2 b4 11. Ne4 Bb7 12. Rfd1 a5 13. c5 d5 14. Nxf6+ Nxf6 15.
Ne5 Qc7 16. a4 Bc8 17. Bd3 Nd7 18. f4 f6 19. Nf3 e5 20. dxe5 fxe5 21. fxe5 Nxe5
22. Nxe5 Bxe5 23. Bxe5 Qxe5 24. e4 dxe4 25. Bxe4 Bf5 26. Bxf5 Rxf5 27. Rac1
Raf8 28. Qc4+ Kh8 29. Qd4 Re8 30. Qxe5+ Rexe5 31. Rd6 Rxc5 32. Rxc6 Rxc1+ 33.
Rxc1 Rd5 34. Rf1 Rd3 35. Rf3 Rc3 36. Rg3 Kg7 37. Kf2 Rxg3 38. Kxg3 Kf6 39. Kf4
g5+ 40. Ke4 Ke6 41. g4 h6 42. h3 Kd6 43. Kd4 Kc6 44. Kc4 Kb6 45. Kd5 Kb7 46.
Kc5 Ka6 47. Kc6 Ka7 48. Kb5 Kb7 49. Kxa5 1-0

[Event "2025 Mary Thomson Cup (Division C)"]
[Site "Woodvale, Perth WA AUS"]
[Date "2025.02.26"]
[Round "5"]
[White "Hagendoorn, Mark"]
[Black "Weijermars, Tristan"]
[Result "0-1"]
[ECO "B34"]
[WhiteElo "1542"]
[BlackElo "1615"]
[PlyCount "58"]
[EventDate "2025.01.22"]
[EventType "tourn"]
[EventRounds "5"]
[EventCountry "AUS"]
[TimeControl "3600+30"]

1. e4 c5 2. Nf3 Nc6 3. d4 cxd4 4. Nxd4 g6 5. Nxc6 bxc6 6. Qd4 Nf6 7. e5 Qa5+ 8.
Bd2 Qd5 9. Bc3 Ne4 10. Qxd5 cxd5 11. Bd4 Bg7 12. f3 Ng5 13. Nc3 Ne6 14. O-O-O
Nxd4 15. Nxd5 Ne6 16. f4 O-O 17. Nxe7+ Kh8 18. g3 Bb7 19. Rg1 Rfd8 20. Bc4 Bf8
21. Nd5 Rac8 22. Bb3 Bc5 23. Rge1 Kg7 24. Nf6 Bc6 25. Rf1 Nd4 26. Bd5 Nf5 27.
Bxc6 dxc6 28. Rxd8 Rxd8 29. Rd1 Be3+ 0-1

[Event "2025 Mary Thomson Cup (Division D)"]
[Site "Woodvale, Perth WA AUS"]
[Date "2025.02.26"]
[Round "5"]
[White "Walker, Colin"]
[Black "Brooke, John"]
[Result "1/2-1/2"]
[ECO "D02"]
[WhiteElo "1424"]
[BlackElo "1356"]
[PlyCount "101"]
[EventDate "2025.01.22"]
[EventType "tourn"]
[EventRounds "5"]
[EventCountry "AUS"]
[TimeControl "3600+30"]

1. d4 d5 2. Nf3 Bf5 3. Nbd2 Nc6 4. c4 Nf6 5. e3 e6 6. a3 Be7 7. Be2 O-O 8. O-O
a6 9. Nh4 Be4 10. f3 Nd7 11. fxe4 Bxh4 12. cxd5 exd5 13. e5 Bg5 14. Nf3 Bh6 15.
Bd3 Ne7 16. b4 Re8 17. e4 Bxc1 18. Rxc1 Nf8 19. Rc2 c6 20. Rcf2 Neg6 21. Bc2
Rc8 22. g3 Rc7 23. Qd2 b6 24. exd5 Qxd5 25. Qd3 Qd8 26. Qb3 Ne6 27. Rd1 Qe7 28.
Bxg6 hxg6 29. Rd3 Rd8 30. Rfd2 b5 31. Qd1 Ng5 32. Nxg5 Qxg5 33. Qf3 Rcc8 34.
Rd1 Qe7 35. Rc1 Qe6 36. Qe4 Qf5 37. Qxf5 gxf5 38. Rf1 g6 39. Kg2 Kg7 40. Kf3
Rh8 41. Rf2 Rce8 42. Kf4 Rd8 43. Kf3 Rh5 44. Rc2 Rc8 45. Kg2 Rhh8 46. h4 Kh6
47. Rf2 Rc7 48. Rfd2 Re8 49. Kf3 Kh5 50. Rc3 Re6 51. Kf4 1/2-1/2

[Event "2025 Mary Thomson Cup (Division D)"]
[Site "Woodvale, Perth WA AUS"]
[Date "2025.02.26"]
[Round "5"]
[White "Gough, Sebastian"]
[Black "Williams, Joshua"]
[Result "0-1"]
[ECO "D35"]
[WhiteElo "1360"]
[BlackElo "1416"]
[PlyCount "56"]
[EventDate "2025.01.22"]
[EventType "tourn"]
[EventRounds "5"]
[EventCountry "AUS"]
[TimeControl "3600+30"]

1. d4 d5 2. c4 Nf6 3. Nc3 e6 4. Bf4 a6 5. Nf3 Nc6 6. e3 Bb4 7. Qc2 O-O 8. a3
Be7 9. c5 b5 10. cxb6 cxb6 11. Bd3 b5 12. b4 g6 13. Nxb5 axb5 14. Qxc6 Bxb4+
15. Ke2 Bd7 16. Qb7 Bc3 17. Ra2 b4 18. Bd6 Rxa3 19. Rxa3 bxa3 20. Bxf8 Kxf8 21.
Qa6 Qe7 22. Ne5 Be8 23. Bb1 Qb4 24. Nd3 Bb5 25. Qa8+ Kg7 26. Rd1 Ne4 27. Bc2
Qb2 28. Kf3 Qxc2 0-1

[Event "2025 Mary Thomson Cup (Division E)"]
[Site "Woodvale, Perth WA AUS"]
[Date "2025.02.26"]
[Round "5"]
[White "Lanham, Bruce"]
[Black "Powell, Darren"]
[Result "0-1"]
[ECO "A40"]
[WhiteElo "1262"]
[BlackElo "1250"]
[PlyCount "28"]
[EventDate "2025.01.22"]
[EventType "tourn"]
[EventRounds "5"]
[EventCountry "AUS"]
[TimeControl "3600+30"]

1. Nf3 g6 2. d4 b6 3. c4 e6 4. Nc3 Bb4 5. Bd2 Nf6 6. a3 Be7 7. e3 Bb7 8. Be2
O-O 9. O-O c5 10. Qc2 Qc7 11. Rfe1 Ng4 12. d5 Bd6 13. h3 Bh2+ 14. Nxh2 Qxh2+
0-1

[Event "2025 Mary Thomson Cup (Division E)"]
[Site "Woodvale, Perth WA AUS"]
[Date "2025.02.26"]
[Round "5"]
[White "Owen, Geoffrey"]
[Black "Yao, Ryan"]
[Result "0-1"]
[ECO "C44"]
[WhiteElo "1187"]
[BlackElo "1226"]
[PlyCount "104"]
[EventDate "2025.01.22"]
[EventType "tourn"]
[EventRounds "5"]
[EventCountry "AUS"]
[TimeControl "3600+30"]

1. e4 e5 2. Nf3 Nc6 3. c3 d5 4. Qa4 Bd7 5. exd5 Nd4 6. Qd1 Nxf3+ 7. Qxf3 Nf6 8.
Bc4 e4 9. Qe2 Bf5 10. d3 Be7 11. Na3 exd3 12. Bxd3 Bxd3 13. Qxd3 Qxd5 14. Qb5+
Qxb5 15. Nxb5 Kd7 16. O-O c6 17. Nd4 g6 18. Bf4 Nd5 19. Bg3 f5 20. f4 Bc5 21.
Kh1 Bxd4 22. cxd4 Ne3 23. Rf3 Rhe8 24. Bf2 Ng4 25. h3 Nxf2+ 26. Rxf2 Re4 27.
Rd1 Rae8 28. d5 Re1+ 29. Rxe1 Rxe1+ 30. Kh2 cxd5 31. Rd2 Kd6 32. Rd3 Re2 33.
Rb3 b6 34. a4 d4 35. Rb4 Kd5 36. Rb5+ Kc4 37. Re5 Rxe5 38. fxe5 Kd5 39. e6 Kxe6
40. Kg1 Kd5 41. Kf2 Kc4 42. Ke2 f4 43. Kd2 g5 44. b3+ Kxb3 45. Kd3 Kxa4 46.
Kxd4 b5 47. Kc3 Ka3 48. Kc2 Ka2 49. Kc3 Ka3 50. Kc2 b4 51. Kb1 Kb3 52. Ka1 Kc2
0-1

[Event "2025 Mary Thomson Cup (Division F)"]
[Site "Woodvale, Perth WA AUS"]
[Date "2025.02.26"]
[Round "5"]
[White "Dawoud, Ahmad"]
[Black "Overste, Brian"]
[Result "1-0"]
[ECO "D02"]
[WhiteElo "1144"]
[BlackElo "1061"]
[PlyCount "77"]
[EventDate "2025.01.22"]
[EventType "tourn"]
[EventRounds "5"]
[EventCountry "AUS"]
[TimeControl "3600+30"]

1. d4 d5 2. Nf3 f6 3. Bf4 g5 4. Bg3 Nh6 5. Nc3 Nf5 6. e3 a6 7. Bd3 Nxg3 8. hxg3
Nc6 9. Bxh7 Rxh7 10. Rxh7 Bf5 11. Rh1 Nb4 12. Rc1 Qd6 13. a3 Nc6 14. Nd2 g4 15.
Nb3 b6 16. Qe2 Qe6 17. e4 Bxe4 18. Nxe4 dxe4 19. Rd1 Qf5 20. Qc4 Qd7 21. d5 Ne5
22. Qxe4 Qd6 23. c4 Rb8 24. Qf5 Rd8 25. Qe6 Nxc4 26. Qxd6 Rxd6 27. Rc1 Nxb2 28.
Rxc7 Nd3+ 29. Ke2 Rxd5 30. Rd1 Nc1+ 31. Rcxc1 Re5+ 32. Kf1 Kf7 33. Nd4 e6 34.
Rc6 Bxa3 35. Rxb6 a5 36. Ra1 Bb2 37. Rxb2 Rd5 38. Nc6 Rc5 39. Nxa5 1-0

[Event "2025 Mary Thomson Cup (Division F)"]
[Site "Woodvale, Perth WA AUS"]
[Date "2025.02.26"]
[Round "5"]
[White "Rennie, Mike"]
[Black "Markou, Victor"]
[Result "1-0"]
[ECO "C42"]
[WhiteElo "886"]
[BlackElo "983"]
[PlyCount "117"]
[EventDate "2025.01.22"]
[EventType "tourn"]
[EventRounds "5"]
[EventCountry "AUS"]
[TimeControl "3600+30"]

1. e4 e5 2. d3 Nf6 3. Nf3 d6 4. Nc3 g6 5. Be3 Bg7 6. Be2 O-O 7. Qd2 Re8 8. b3
Nc6 9. h3 b6 10. a3 Bb7 11. Nh4 d5 12. exd5 Nxd5 13. g3 Nxe3 14. fxe3 Bf6 15.
O-O-O Bxh4 16. gxh4 Ne7 17. Ne4 Bxe4 18. dxe4 Qxd2+ 19. Rxd2 f5 20. Bc4+ Kg7
21. Rhd1 c6 22. Rd7 f4 23. exf4 exf4 24. Be2 Kf8 25. h5 g5 26. h6 Kg8 27. Rg1
Rad8 28. Bc4+ Kf8 29. Rxd8 Rxd8 30. Rxg5 Ng6 31. Rf5+ Ke7 32. Rf7+ Kd6 33. Rxh7
Ne5 34. Be2 f3 35. Bf1 Rg8 36. Kd1 Rg1 37. Ke1 Ng6 38. Rg7 Ke5 39. h7 Kxe4 40.
h8=Q Ke3 41. Qe8+ Kd4 42. c3+ Kc5 43. Qe3+ {At this point, 43...Kb5 44. c4+
Ka6 was played. The position after 44...Ka6 will instead be reached using a
series of moves.} Kd6 44. Rg8 Kc7 45. c4 Kb7 46. Rg7+ Ka6 {The position after
44...Ka6 has been reached.} 47. c5+ b5 48. Qf2 Rg5 49. h4 Re5+ 50. Kd1 Nf4 51.
Qxf3 Rd5+ 52. Kc2 Rxc5+ 53. Kb2 Nd5 54. b4 Rc4 55. Bxc4 bxc4 56. b5+ cxb5 57.
Rg6+ Ka5 58. Qxd5 Ka4 59. Ra6# 1-0